 Dungeon Crawl Stone Soup version 0.32-a0-791-gfc315c9ecd (webtiles) character file.

Game seed: 14446271609415281057

91897 cforsyth the Severer (level 15, -13/139 HPs)
             Began as a Mountain Dwarf Cinder Acolyte on Mar 21, 2024.
             Was a High Priest of Ignis.
             Shot with an arrow by a deep elf archer (20 damage)
             ... on level 13 of the Dungeon.
             The game lasted 01:08:08 (41439 turns).

cforsyth the Severer (MDCA)                        Turns: 41439, Time: 01:08:09

Health: -13/139    AC: 21    Str: 22    XL:     15   Next: 56%
Magic:  21/21      EV: 12    Int: 17    God:    Ignis [*****.]
Gold:   2666       SH: 11    Dex: 11    Spells: 20/22 levels left

rFire   + . .        H - +3 war axe (flame)
rCold   + . .        b - +0 kite shield
rNeg    . . .        J - +1 chain mail {rC+}
rPois   .            W - +0 helmet
rElec   .            o - +0 cloak
rCorr   .            j - +1 pair of gloves of Dust Devil {Rampage Regen+ MP-9 Dex+6}
SInv    .            x - +0 pair of boots
Will    +....        T - amulet of magic regeneration Stlth
                     E - +5 ring of evasion
HPRegen 1.23/turn    M - ring of magical power
MPRegen 0.57/turn

%: rampage
@: hasted and slowed
A: runic magic, artefact enchanting
a: Renounce Religion, Fiery Armour, Foxfire Swarm, Rising Flame


You were on level 13 of the Dungeon.
You worshipped Ignis.
Ignis was extremely pleased with you.
You visited 3 branches of the dungeon, and saw 20 of its levels.
You also visited: Gauntlet and Ice Cave.

You collected 2858 gold pieces.
You spent 192 gold pieces at shops.


Innate Abilities, Weirdness & Mutations

Your spellcasting is much less encumbered by armour.
You can use scrolls of enchantment on lesser artefacts.


   Skills:
 + Level 14.5 Fighting
 + Level 15.7 Axes
 + Level 14.1 Armour
 - Level 12.0 Shields
 - Level 4.4 Spellcasting
 + Level 15.7 Fire Magic


You had 20 spell levels left.
You knew the following spells:

 Your Spells              Type           Power      Damage    Failure   Level
X - Scorch                Fire           100%       2d9       1%          2

Your spell library contained the following spells:

 Spells                   Type           Power      Damage    Failure   Level
 Foxfire                  Conj/Fire      100%       2x1d9     1%          1
 Flame Wave               Conj/Fire      30%        2d9       14%         4
 Apportation              Tloc           6%         N/A       34%         1
 Necrotise                Necr           12%        1d4       34%         1
 Shock                    Conj/Air       12%        1d3       34%         1
 Slow                     Hex            12%        N/A       34%         1
 Sting                    Conj/Alch      12%        1d3       34%         1
 Summon Small Mammal      Summ           12%        N/A       34%         1
 Blink                    Tloc           6%         N/A       47%         2
 Ensorcelled Hibernation  Hex/Ice        6%         N/A       47%         2
 Lesser Beckoning         Tloc           6%         N/A       47%         2
 Mercury Vapours          Alch/Air       6%         N/A       47%         2
 Momentum Strike          Conj/Tloc      6%         3d8       47%         2
 Confusing Touch          Hex            3%         N/A       71%         3
 Dazzling Flash           Conj/Hex       6%         N/A       71%         3
 Mephitic Cloud           Conj/Alch/Air  3%         N/A       71%         3
 Passwall                 Erth           3%         N/A       71%         3
 Sigil of Binding         Hex            3%         N/A       71%         3
 Swiftness                Air            3%         N/A       71%         3
 Vampiric Draining        Necr           3%         2d6       71%         3
 Plasma Beam              Fire/Air       15%        2x1d26    91%         6
 Petrify                  Alch/Erth      3%         N/A       98%         4
 Vhi's Electric Charge    Tloc/Air       6%         N/A       98%         4
 Curse of Agony           Necr           3%         N/A       100%        5
 Irradiate                Conj/Alch      1%         3d12      100%        5
 Silence                  Hex/Air        1%         N/A       100%        5
 Death Channel            Necr           1%         N/A       100%        6
 Sculpt Simulacrum        Ice/Alch       1%         N/A       100%        6
 Spellforged Servitor     Conj/Summ      1%         N/A       100%        7

Inventory:

Hand Weapons
 a - a -1 hand axe of flaming
 H - a +3 war axe of flaming (weapon)
 R - a +0 war axe of freezing
Armour
 b - a +0 kite shield (worn)
 j - the +1 pair of gloves of Dust Devil (worn) {Rampage Regen+ MP-9 Dex+6}
   (You found it in a Gauntlet)

   Dex+6:     It affects your dexterity (+6).
   MP-9:      It affects your magic capacity (-9).
   Regen+:    It increases your rate of health regeneration.
   Rampage:   It bestows one free step when moving towards enemies.
 o - a +0 cloak (worn)
 x - a +0 pair of boots (worn)
 B - a +2 pair of gloves
 J - a +1 chain mail of cold resistance (worn)
 W - a +0 helmet (worn)
Jewellery
 c - a ring of protection from cold
 d - a ring of protection from cold
 f - a ring of protection from fire
 C - a ring of protection from cold
 E - a +5 ring of evasion (left hand)
 M - a ring of magical power (right hand)
 N - a ring of positive energy
 T - an amulet of magic regeneration (around neck)
 Z - an amulet of regeneration
Wands
 s - a wand of charming (13)
 D - a wand of warping (21)
 K - a wand of flame (20)
Scrolls
 g - a scroll of revelation
 h - 6 scrolls of blinking
 k - 3 scrolls of poison
 l - 3 scrolls of vulnerability
 p - 3 scrolls of enchant weapon
 q - a scroll of fear
 u - 2 scrolls of enchant armour
 w - 2 scrolls of brand weapon
 y - a scroll of immolation
 A - 2 scrolls of amnesia
 I - a scroll of butterflies
 S - a scroll of silence {!r}
 U - 2 scrolls of fog
 V - 2 scrolls of teleportation {@r2}
Potions
 i - a potion of invisibility
 n - a potion of haste {@q3}
 r - a potion of might {unknown}
 t - a potion of magic
 v - 5 potions of enlightenment
 z - 3 potions of attraction
 F - 9 potions of curing {@q1}
 G - 3 potions of brilliance
 O - a potion of berserk rage {unknown}
 P - 2 potions of lignification
 Q - 2 potions of cancellation {unknown}
 X - 5 potions of mutation
Miscellaneous
 e - a condenser vane
 m - a phial of floods
 L - a sack of spiders (inert)
 Y - a lightning rod (4/4)

Dungeon Overview and Level Annotations

Branches:
Dungeon (13/15)            Temple (0/1) D:4            Lair (5/5) D:9
 Shoals (0/4) Lair:2        Snake (0/4) Lair:3        Slime (0/5) Lair:5
    Orc (2/2) D:9             Elf (0/3) Orc:2        Vaults (0/5) D:13
  IceCv (visited)         Gauntlet (visited)

Altars:
Cheibriados
Dithmenos
Elyvilon
Fedhas
Hepliaklqana
Kikubaaqudgha
Makhleb
Nemelex Xobeh
Okawaru
Ru
Sif Muna
Trog
Uskayaw
Vehumet
Wu Jian
Xom
Beogh

Shops:
D:8 *   D:9 (   Orc:2 (:([[=(=(

Portals:
Trove: D:11 (give +5 demon blade)

Annotations:
Orc:1 2 runed translucent doors, Secitruiss's ghost, journeyman TrFi

..#.......###.[.....# ######+## #
.....#..#.##........# #........ .
.....##.#.##........# #........ .
.....##...##........###........ .
......##..##...................
(.###.#..............▓▓'''▓▓▓▓▓▓▓
..# #.##.#...........▓†÷...▓...=(
..# #....#.....#####.▓.....'.....
..# #######..#.p@..#.▓(.⌠.÷'÷.⌠..
..#########.....s).#.▓[....'÷....
..##..........s....+.▓.....▓÷.e..
..##.#########e....#.▓▓▓▓▓▓▓▓'''▓
..##.#...... ##....#.▓...:.▓...))
..##........ +.>..#.▓?....'.....
............ #....# ▓..∩.)p..⌠..
.#.#....#### #....# ▓/...p'....(
...###### #....# ▓)$..)▓...[.


You could see a vault guard (very poisoned, ally target), a deep elf archer
(repels missiles, ally target) and 2 friendly scorpions.


Message History

Okay, then.
Unknown command.
Unknown command.
You feel yourself speed up.
Your scorpion stings the vault guard.
The deep elf archer shoots an arrow.
The arrow hits you!!
* * * LOW HITPOINT WARNING * * *
The vault guard hits you with a +3 great sword!!
* * * LOW HITPOINT WARNING * * *
Your scorpion stings the vault guard.
The vault guard is poisoned.
Your scorpion poisons the vault guard!
Your scorpion misses the deep elf archer.
The deep elf archer shoots an arrow.
The arrow hits you but does no damage.
Unknown command.
Unknown command.
Unknown command.
Unknown command.
Unknown command.
You feel better.
Your scorpion misses the vault guard.
The vault guard hits you with a +3 great sword.
* * * LOW HITPOINT WARNING * * *
The deep elf archer shoots an arrow.
The arrow hits you!
* * * LOW HITPOINT WARNING * * *
Your scorpion stings the deep elf archer.
Unknown command.
You feel better.
Your scorpion misses the vault guard.
The vault guard hits you with a +3 great sword!
* * * LOW HITPOINT WARNING * * *
The deep elf archer shoots an arrow.
The arrow hits you!!
You die...
Ignis goes out, and joins you in death.

Skill      XL: |  1  2  3  4  5  6  7  8  9 10 11 12 13 14 15 |
---------------+----------------------------------------------+-----
Armour         | 1 2 3 4 5 7 8 9 10 12 13 14 | 14.1
Axes           | 4 5 6 7 8 9 11 12 13 14 15 | 15.7
Fire Magic     | 4 5 6 7 8 9 11 12 13 14 15 | 15.7
Fighting       | 4 5 6 7 9 10 11 12 13 14 | 14.5
Spellcasting   | 2 3 4 |  4.4
Shields        | 3 5 7 9 10 12 | 12.0

Action                     |  1- 3 |  4- 6 |  7- 9 | 10-12 | 13-15 || total
---------------------------+-------+-------+-------+-------+-------++-------
  Melee: Hand axe          |   107 |    61 |    68 |    52 |       ||   288
         War axe           |       |       |       |    36 |  1289 ||  1325
   Cast: Scorch            |    23 |    72 |   255 |   580 |   253 ||  1183
  Evoke: Wand              |       |       |       |    13 |     2 ||    15
         Sack of spiders   |       |       |       |     1 |     2 ||     3
         Lightning rod     |       |       |       |       |     4 ||     4
    Use: Potion            |       |     2 |       |     1 |    13 ||    16
         Scroll            |       |       |       |    16 |    15 ||    31
   Stab: Invisible         |       |       |       |       |     5 ||     5
 Armour: Robe              |    58 |     2 |       |       |       ||    60
         Chain mail        |       |    74 |   187 |   407 |   303 ||   971
         Plate armour      |       |       |       |    23 |   821 ||   844
  Dodge: Dodged            |   101 |    86 |   132 |   362 |   482 ||  1163
  Block: Kite shield       |       |       |       |   166 |   732 ||   898

Levels and vault maps discovered:
D:1:      dpeg_arrival_lava_temple_mockup, layout_basic
D:2:      layout_basic
D:3:      layout_loops_corners, nicolae_overflow_hidden_temple,
          xom_teletrap_fun, mainiacjoe_overflow_six_doors_small,
          mainiacjoe_overflow_alcove_4, hellmonk_ecumenical_altar_leap_of_faith
D:4:      layout_rooms, mainiacjoe_overflow_surrounded_room,
          minmay_temple_entry_statues_fountains, serial_rivers,
          chequers_serial_rivers_marsh, chequers_serial_rivers_small_b,
          chequers_serial_rivers_small_b, chequers_serial_rivers_micro_e,
          minivault_1, hangedman_decor_riveting
D:5:      layout_loops_corners, bloody_trog
D:6:      layout_basic, mainiacjoe_overflow_cross_hatched, kennysheep_mini,
          nicolae_elyvilon_temple_path
D:7:      layout_layer_cave, fedhas_altar_decomposition, st_stairs_7
D:8:      layout_loops_ring, okawaru_altar_gauntlet_db,
          gammafunk_temple_overflow_forgotten, serial_shops, shop
D:9:      layout_roguey, lemuel_blue_sif_altar, erik_lair_dragon,
          zombieorc2_lemuel, serial_corexii_hall, corexii_hall_statues_s,
          chequers_hall_statues_y, nicolae_shop_firing_range
D:10:     layout_roguey, mainiacjoe_overflow_boulevard, serial_demonic,
          serial_demonic_e, serial_demonic_b, serial_demonic_a,
          serial_demonic_d, uniq_nergalle, uniq_urug, uniq_lodul, uniq_maggie
D:11:     layout_basic, enter_trove_1, portal_ice_cave_rime,
          minmay_misc_feat_tiny, minmay_orc_keep
D:12:     layout_layer_cave, st_stairs_9, nzn_hepliaklqana_mist_gate
D:13:     layout_basic, grunt_vaults_entry_tiered
Lair:1:   layout_cave_pods, minivault_25, serial_bayou_shore_b
Lair:2:   layout_hall_layers, nicolae_shoals_entry_roost, grunt_megastairs_1
Lair:3:   layout_gridlike, guppyfry_snake_entry_garden, basic_altar,
          st_stairs_12, grunt_forest_large_clearings
Lair:4:   layout_loops_ring, minivault_26, chequers_serial_rivers_large_b,
          minivault_27
Lair:5:   hangedman_lair_in_review, layout_regular_city,
          nicolae_slime_entry_slimehenge, minivault_11, lemuel_fruit_tree
Orc:1:    layout_diamond_mine, ebering_ghost_disaster_area,
          david_defended_altar_orc
Orc:2:    st_orc_elflike, layout_diamond_mine, gauntlet_entry_generic,
          serial_shops, shop, shop, nicolae_shop_tiny_statue_garden, shop,
          nicolae_shop_gibbet_a_chance, nicolae_orc_beogh_chapel

Notes
Turn   | Place    | Note
-------+----------+-------------------------------------------
     0 | D:1      | cforsyth the Mountain Dwarf Cinder Acolyte began the quest
                  | for the Orb.
     0 | D:1      | Reached XP level 1. HP: 19/19 MP: 2/2
   268 | D:1      | Reached XP level 2. HP: 23/26 MP: 3/3
   390 | D:1      | Learned a level 2 spell: Scorch
   531 | D:1      | Reached skill level 1 in Armour
   679 | D:1      | Reached XP level 3. HP: 31/31 MP: 2/5
   902 | D:1      | Reached skill level 4 in Axes
   902 | D:1      | Reached skill level 4 in Fire Magic
  1721 | D:2      | Reached XP level 4. HP: 40/40 MP: 3/6
  2630 | D:3      | Reached skill level 4 in Fighting
  2873 | D:3      | Reached skill level 2 in Armour
  2873 | D:3      | Reached skill level 2 in Spellcasting
  2873 | D:3      | Reached XP level 5. HP: 38/46 MP: 0/8
  3026 | D:3      | Found a sparkling altar of Nemelex Xobeh.
  3050 | D:3      | Found a hazy altar of Hepliaklqana.
  3097 | D:3      | Found a shimmering altar of Xom.
  3113 | D:3      | Found a faded altar of an unknown god.
  3132 | D:3      | Found a sacrificial altar of Ru.
  3741 | D:4      | Found an ornate altar of the Wu Jian Council.
  4071 | D:4      | Reached XP level 6. HP: 40/53 MP: 4/9
  4143 | D:4      | Reached skill level 5 in Axes
  4256 | D:4      | Found a staircase to the Ecumenical Temple.
  4580 | D:4      | Reached skill level 5 in Fire Magic
  4731 | D:4      | Reached skill level 3 in Armour
  5176 | D:5      | Entered Level 5 of the Dungeon
  5402 | D:5      | You fall into a shaft and drop 2 floors!
  5416 | D:7      | Reached XP level 7. HP: 60/60 MP: 2/11
  5441 | D:7      | Reached skill level 5 in Fighting
  5441 | D:7      | Reached skill level 3 in Spellcasting
  5863 | D:7      | Reached skill level 4 in Armour
  5924 | D:6      | Reached skill level 6 in Axes
  5924 | D:6      | Reached skill level 6 in Fire Magic
  6219 | D:6      | Found a hide-covered altar of Uskayaw.
  6243 | D:6      | Reached XP level 8. HP: 69/69 MP: 4/13
  6834 | D:5      | Found a bloodstained altar of Trog.
  7235 | D:5      | Reached skill level 6 in Fighting
  7562 | D:6      | Reached skill level 4 in Spellcasting
  7673 | D:6      | Found a burning altar of Makhleb.
  7761 | D:6      | Reached skill level 5 in Armour
  7987 | D:6      | Reached skill level 7 in Axes
  8228 | D:6      | Found a white marble altar of Elyvilon.
  8233 | D:6      | Reached skill level 7 in Fire Magic
  8884 | D:6      | Found a hide-covered altar of Uskayaw.
  9043 | D:6      | Found a burning altar of Makhleb.
  9058 | D:6      | Found a white marble altar of Elyvilon.
  9580 | D:7      | Found a blossoming altar of Fedhas.
  9726 | D:6      | Reached XP level 9. HP: 59/78 MP: 14/15
 10380 | D:7      | Noticed a two-headed ogre
 10392 | D:7      | Killed a two-headed ogre
 10393 | D:7      | Reached skill level 7 in Fighting
 10393 | D:7      | Reached skill level 6 in Armour
 10393 | D:7      | Reached skill level 2 in Shields
 11292 | D:8      | Found a snail-covered altar of Cheibriados.
 11292 | D:8      | Found a radiant altar of Vehumet.
 11292 | D:8      | Found an ancient bone altar of Kikubaaqudgha.
 11409 | D:8      | Found Temu's General Store.
 11415 | D:8      | Identified the +10 great mace "Kyonnusk" {vamp, rN+}
 11417 | D:8      | Bought a potion of haste for 110 gold pieces
 11417 | D:8      | Bought a scroll of enchant armour for 82 gold pieces
 11465 | D:8      | Got the Parchment of Dynamic Breath
 11524 | D:8      | Reached skill level 8 in Axes
 11738 | D:8      | Reached skill level 8 in Fire Magic
 11885 | D:8      | Reached skill level 3 in Shields
 12324 | D:8      | Found an iron altar of Okawaru.
 12512 | D:9      | Found Zuip's Firing Range.
 13320 | D:8      | Reached skill level 7 in Armour
 13320 | D:8      | Reached XP level 10. HP: 58/88 MP: 15/16
 13325 | D:8      | Reached skill level 4 in Shields
 13892 | D:9      | Reached skill level 8 in Fighting
 13922 | D:9      | Found a staircase to the Orcish Mines.
 14672 | D:9      | Reached skill level 9 in Axes
 14911 | D:9      | Reached skill level 9 in Fire Magic
 15312 | D:9      | Reached skill level 5 in Shields
 15553 | D:9      | Found a shimmering blue altar of Sif Muna.
 15971 | D:9      | Found a staircase to the Lair.
 16111 | D:10     | Entered Level 10 of the Dungeon
 16165 | D:10     | Noticed Urug
 16336 | D:10     | Noticed Nergalle
 16343 | D:10     | Found a shadowy altar of Dithmenos.
 16345 | D:10     | Noticed Maggie
 16371 | D:10     | Killed Maggie
 16372 | D:10     | Reached skill level 8 in Armour
 17210 | D:10     | Noticed a rust devil
 17384 | Lair:1   | Entered Level 1 of the Lair of Beasts
 17466 | Lair:1   | Noticed a black mamba
 17474 | Lair:1   | Killed a black mamba
 17475 | Lair:1   | Reached skill level 9 in Fighting
 17669 | Lair:1   | Noticed a cane toad
 17681 | Lair:1   | Killed a cane toad
 17684 | Lair:1   | Noticed a black mamba
 17697 | Lair:1   | Killed a black mamba
 17698 | Lair:1   | Reached XP level 11. HP: 49/97 MP: 8/17
 18216 | Lair:1   | Reached skill level 10 in Axes
 18216 | Lair:1   | Reached skill level 6 in Shields
 18216 | Lair:1   | Reached skill level 10 in Fire Magic
 18731 | Lair:1   | HP: 3/97 [elephant (13)]
 20208 | Lair:1   | Reached skill level 9 in Armour
 20756 | Lair:2   | Reached skill level 7 in Shields
 20897 | Lair:2   | Noticed a death yak
 21329 | Lair:2   | Reached skill level 10 in Fighting
 21648 | Lair:1   | Reached skill level 11 in Axes
 21648 | Lair:1   | Reached skill level 11 in Fire Magic
 21967 | Lair:1   | Reached XP level 12. HP: 41/106 MP: 2/18
 22416 | Lair:2   | Noticed a six-headed hydra
 22436 | Lair:1   | Killed a one-headed hydra
 22697 | Lair:1   | Reached skill level 8 in Shields
 22938 | Lair:1   | Reached skill level 10 in Armour
 23456 | Lair:2   | Noticed a death yak
 23587 | Lair:2   | Noticed a death yak
 23611 | Lair:1   | Killed a death yak
 24036 | Lair:2   | Killed a death yak
 24178 | Lair:2   | Reached skill level 11 in Fighting
 24210 | Lair:1   | Killed a death yak
 24211 | Lair:1   | Reached skill level 12 in Fire Magic
 24410 | Lair:2   | Reached skill level 12 in Axes
 24449 | Lair:2   | Found a staircase to the Shoals.
 24802 | Lair:2   | Found a staircase to the Shoals.
 25270 | Lair:3   | Found an ancient bone altar of Kikubaaqudgha.
 25310 | Lair:3   | Found a staircase to the Snake Pit.
 25534 | Lair:3   | Reached skill level 9 in Shields
 25602 | Lair:3   | Noticed a catoblepas
 25633 | Lair:3   | Killed a catoblepas
 26275 | Lair:4   | Noticed a five-headed hydra
 26290 | Lair:4   | Killed a one-headed hydra
 26696 | Lair:4   | Reached XP level 13. HP: 103/116 MP: 19/19
 26715 | Lair:4   | Reached skill level 11 in Armour
 28900 | Lair:5   | Entered Level 5 of the Lair of Beasts
 28924 | Lair:5   | Reached skill level 13 in Fire Magic
 28937 | Lair:4   | Reached skill level 12 in Fighting
 28998 | Lair:4   | Reached skill level 10 in Shields
 29001 | Lair:4   | Reached skill level 13 in Axes
 30185 | Lair:5   | Reached skill level 12 in Armour
 30947 | Lair:5   | Reached XP level 14. HP: 127/127 MP: 20/20
 30999 | Lair:5   | Found a staircase to the Slime Pits.
 31850 | Lair:5   | Reached skill level 11 in Shields
 32320 | Lair:5   | Reached skill level 14 in Axes
 32320 | Lair:5   | Reached skill level 14 in Fire Magic
 33219 | Orc:1    | Entered Level 1 of the Orcish Mines
 33269 | D:9      | Reached skill level 13 in Fighting
 33747 | Orc:1    | Paralysed by an orc sorcerer for 3 turns
 33751 | Orc:1    | Paralysed by an ogre mage for 3 turns
 34157 | Orc:1    | Found a large runed translucent door.
 34157 | Orc:1    | Found a large runed translucent door.
 34238 | Orc:1    | Noticed Secitruiss's ghost (journeyman TrFi)
 34561 | Orc:1    | Found a roughly hewn altar of Beogh.
 34814 | Orc:2    | Entered Level 2 of the Orcish Mines
 34866 | Orc:2    | Found a staircase to the Elven Halls.
 34929 | Orc:2    | Found Pifuom's Book Emporium.
 34940 | Orc:2    | Found a gate leading to a gauntlet.
 34968 | Gauntlet | Entered a Gauntlet
 34968 | Gauntlet | Found a transporter.
 35081 | Gauntlet | Found a transporter.
 35097 | Gauntlet | Found a transporter.
 35102 | Gauntlet | Found a transporter.
 35111 | Gauntlet | Found a transporter.
 35131 | Gauntlet | Found a transporter.
 35134 | Gauntlet | Found a transporter.
 35138 | Gauntlet | Found a transporter.
 35161 | Gauntlet | Found a transporter.
 35169 | Gauntlet | Found a transporter.
 35169 | Gauntlet | Found a transporter.
 35177 | Gauntlet | Found a transporter.
 35674 | Gauntlet | Identified the +1 pair of gloves of Dust Devil {Rampage
                  | Regen+ MP-9 Dex+6}
 36257 | Orc:2    | Found Amogo's Antique Weapon Shop.
 36274 | Orc:2    | Paralysed by an orc sorcerer for 4 turns
 36309 | Orc:2    | Found a roughly hewn altar of Beogh.
 36339 | Orc:2    | Found Vozilah's Antique Weapon Boutique.
 36377 | Orc:2    | Found Efuid's Antique Weapon Emporium.
 36377 | Orc:2    | Found Voqiavudd's Jewellery Shoppe.
 36402 | Orc:2    | Reached skill level 13 in Armour
 36505 | Orc:2    | Found Kuczo's Antique Weapon Boutique.
 36768 | Orc:2    | Found Ciwoufef's Armour Boutique.
 36833 | Orc:2    | Found Ajuebeco's Jewellery Emporium.
 36837 | Orc:2    | Found Xixzorr's Armour Emporium.
 37125 | D:10     | Killed Urug
 37206 | D:10     | Killed Nergalle
 37207 | D:10     | Reached skill level 12 in Shields
 37259 | D:10     | Noticed Lodul
 37291 | D:10     | Killed Lodul
 37609 | D:11     | Found a frozen archway.
 37615 | D:11     | Reached XP level 15. HP: 113/136 MP: 21/21
 37644 | IceCv    | Entered an ice cave
 37820 | IceCv    | Reached skill level 15 in Axes
 37951 | IceCv    | Reached skill level 15 in Fire Magic
 38085 | IceCv    | Got the Quarto of Torrid Argyropoeia
 38245 | D:11     | Found a portal to a secret trove of treasure.
 38705 | D:11     | Reached skill level 14 in Fighting
 40329 | D:12     | Found a hazy altar of Hepliaklqana.
 41145 | D:13     | Reached skill level 14 in Armour
 41292 | D:13     | Found a gate to the Vaults.
 41437 | D:13     | HP: 11/139 [vault guard/+3 great sword (19)]
 41438 | D:13     | HP: 3/139 [deep elf archer/arrow (16)]
 41439 | D:13     | Shot with an arrow by a deep elf archer

Vanquished Creatures
  A minotaur (Gauntlet)
  2 dire elephants
  A green death (Gauntlet)
  3 hydras
  2 catoblepae
  An ogre mage (D:9)
  A centaur warrior (D:12)
  4 two-headed ogres
  15 death yaks
  3 orc high priests (Orc:2)
  2 skysharks (Lair:5)
  Urug (D:10)
  Nergalle (D:10)
  A spriggan (Lair:3)
  Lodul (D:10)
  3 arcanists (D:13)
  A deep elf archer (D:13)
  7 orc knights
  A deep elf pyromancer (D:13)
  A lindwurm (Lair:4)
  2 necromancers (D:13)
  3 harpies (Lair:2)
  6 orc sorcerers
  A cyclops (D:13)
  4 ugly things
  3 manticores
  16 elephants
  2 kobold blastminers (Orc:2)
  9 black mambas
  A gargoyle (D:12)
  2 rust devils (D:10)
  A torpor snail (Lair:5)
  3 ice statues (IceCv)
  3 unseen horrors
  6 rime drakes
  14 cane toads
  3 kobold demonologists
  Maggie (D:10)
  10 komodo dragons
  An anaconda simulacrum (IceCv)
  5 trolls
  A hornet (Lair:3)
  2 polar bears
  15 blink frogs
  6 dream sheep (Lair:5)
  12 slime creatures
  A vampire (D:12)
  2 wraiths
  A water elemental (D:13)
  A shadow (D:9)
  7 wyverns
  2 dire elephant simulacra (IceCv)
  5 basilisks
  63 yaks
  17 humans (D:13)
  2 wargs (Orc:2)
  2 vampire mosquitoes (D:13)
  A death yak simulacrum (IceCv)
  A steam dragon (D:6)
  2 nagas (Lair:3)
  3 acid dragons
  A chaos spawn (D:10)
  A two-headed ogre zombie (D:9)
  11 water moccasins
  A swamp drake (D:9)
  17 orc warriors
  A black bear (D:7)
  A sky beast (D:8)
  11 ogres
  3 wolves (Lair:3)
  9 centaurs
  2 phantoms
  3 kobold brigands (D:12)
  2 gnoll sergeants
  11 bullfrogs
  5 scorpions
  A troll zombie (D:9)
  9 wights (D:9)
  5 killer bees (D:11)
  2 howler monkeys
  An electric eel (D:6)
  3 bombardier beetles
  6 jellies
  10 hounds
  2 quasits
  2 gnoll boudas
  30 orc priests
  A sleepcap (D:7)
  4 iguanas (D:5)
  27 orc wizards
  5 hell rats
  3 polar bear simulacra (IceCv)
  6 ogre zombies (D:9)
  19 gnolls
  10 adders
  2 shadow imps
  A white imp (D:7)
  2 ufetubi (D:6)
  3 dart slugs
  A ribbon worm (D:2)
  65 orcs
  6 ball pythons
  9 endoplasms
  6 giant cockroaches
  18 goblins
  10 hobgoblins
  7 jackals (D:2)
  4 quokkas
  7 bats
  A gnoll skeleton (D:9)
  4 gnoll zombies (D:9)
  15 kobolds
  5 orc skeletons (D:9)
  15 orc zombies (D:9)
  9 rats
709 creatures vanquished.

Vanquished Creatures (collateral kills)
  A two-headed ogre (D:9)
  An elephant (Lair:1)
  A yak (Lair:1)
3 creatures vanquished.

Vanquished Creatures (others)
  2 yaks (Lair:1)
  An orc wizard (Orc:2)
3 creatures vanquished.

Grand Total: 715 creatures vanquished

Table legend: (Time is in decaauts)
 A = Elapsed time spent in this place.
 B = Non-inter-level travel time spent in this place.
 C = Inter-level travel time spent in this place.
 D = Time resting spent in this place.
 E = Time spent auto-exploring this place.
 F = Levels seen in this place.
 G = Mean time per level.
                   A        B        C        D        E       F      G
               +--------+--------+--------+--------+--------+-----+--------+
         Total |  41448 |  39599 |   1849 |  10239 |  22201 |  22 | 1884.0 |
       Dungeon |  23062 |  21767 |   1295 |   4562 |  14034 |  13 | 1774.0 |
          Lair |  14893 |  14443 |    450 |   4947 |   6753 |   5 | 2978.6 |
  Orcish Mines |   1932 |   1829 |    103 |    145 |   1117 |   2 |  966.0 |
      Ice Cave |    504 |    504 |      0 |     84 |     90 |   1 |  504.0 |
      Gauntlet |   1055 |   1055 |      0 |    499 |    206 |   1 | 1055.0 |
               +--------+--------+--------+--------+--------+-----+--------+

Top non-repeatable levels by time:
     D:9: 4146 daAuts
  Lair:1: 4024 daAuts
  Lair:5: 3263 daAuts
  Lair:4: 3171 daAuts
     D:8: 2967 daAuts
  Lair:2: 2847 daAuts
     D:6: 2410 daAuts
     D:7: 2191 daAuts
     D:3: 1601 daAuts
  Lair:3: 1587 daAuts
    D:12: 1469 daAuts
     D:5: 1461 daAuts
     D:2: 1367 daAuts
    D:10: 1348 daAuts
     D:4: 1168 daAuts

Table legend:
 A = Non-vault XP
 B = Vault XP
 C = Vault XP percentage of total XP
 D = Non-vault monster count
 E = Vault monster count
 F = Vault count percentage of total count
                 A         B        C        D         E       F
            +---------+---------+-------+---------+---------+-------
      Total |   85054 |   46228 |  35.2 |     528 |     184 |  25.8
            +---------+---------+-------+---------+---------+-------
        D:1 |      47 |       0 |   0.0 |      28 |       0 |   0.0
        D:2 |      82 |       0 |   0.0 |      33 |       0 |   0.0
        D:3 |     106 |       0 |   0.0 |      14 |       0 |   0.0
        D:4 |     388 |       0 |   0.0 |      26 |       0 |   0.0
        D:5 |     617 |       0 |   0.0 |      17 |       0 |   0.0
        D:6 |    1102 |       0 |   0.0 |      25 |       0 |   0.0
        D:7 |    1585 |      80 |   4.8 |      16 |       1 |   5.9
        D:8 |    1377 |      14 |   1.0 |      27 |       6 |  18.2
        D:9 |    7777 |    1681 |  17.8 |      40 |      42 |  51.2
       D:10 |     534 |    4576 |  89.5 |       7 |      15 |  68.2
       D:11 |    5049 |     995 |  16.5 |      29 |      11 |  27.5
       D:12 |    6397 |     587 |   8.4 |      25 |       2 |   7.4
       D:13 |    4819 |    7291 |  60.2 |      15 |      23 |  60.5
     Lair:1 |   11355 |     415 |   3.5 |      30 |       2 |   6.2
     Lair:2 |    6334 |    2717 |  30.0 |      19 |       7 |  26.9
     Lair:3 |    4762 |    1450 |  23.3 |      11 |       4 |  26.7
     Lair:4 |   11875 |    1630 |  12.1 |      33 |       2 |   5.7
     Lair:5 |   14398 |    8996 |  38.5 |      56 |      27 |  32.5
      Orc:1 |    2926 |     125 |   4.1 |      42 |       3 |   6.7
      Orc:2 |    3524 |    8356 |  70.3 |      35 |      22 |  38.6
      IceCv |       0 |    3406 | 100.0 |       0 |      12 | 100.0
   Gauntlet |       0 |    3909 | 100.0 |       0 |       5 | 100.0
            +---------+---------+-------+---------+---------+-------
